Map: Triton LE

Players

Clem - Winner!

  • Race: Terran Terran
  • Spawn Location: 11:00

BackupI

  • Race: Terran Terran
  • Spawn Location: 5:00

VOD

Have the link to the VOD?

Description

Time

  • Played on: Sept. 6, 2019, 7:01 p.m.
  • Length: 11:45
Show
View Real Time Build Order
Export as new Build Order

Clem Terran - Winner!

Build Orders: Gas First Reaper Expand 

Get SALT Encoding   

  12  0:00  SCV  
  13  0:12  SCV  
  14  0:17  Supply Depot  
  14  0:24  SCV  
  15  0:29  Refinery  
  15  0:38  SCV  
  16  0:44  Barracks  
  16  0:50  SCV  
  17  1:02  SCV  
  18  1:14  SCV  
  19  1:31  Orbital Command, Reaper  
  20  1:43  Command Center  
  20  1:54  Factory  
  20  1:57  SCV  
  21  2:06  Barracks Reactor  
  21  2:10  Supply Depot  
  21  2:12  SCV  
  22  2:20  Refinery  
  22  2:24  SCV  
  23  2:36  SCV  
  24  2:42  Starport  
  23  2:46  Hellion  
  23  2:47  Hellion  
  23  2:50  SCV  
  28  2:56  Orbital Command  
  28  3:03  SCV  
  29  3:10  Hellion x2  
  33  3:16  SCV  
  33  3:17  Barracks Tech Lab  
  34  3:22  SCV  
  34  3:24  Medivac  
  37  3:28  SCV  
  37  3:33  Supply Depot  
  38  3:34  SCV  
  38  3:41  SCV, Supply Depot  
  40  3:45  Cyclone  
  40  3:47  Marine  
  40  3:48  Marine  
  45  3:50  SCV  
  45  3:53  Refinery  
  46  3:56  Starport Tech Lab  
  46  3:59  SCV  
  47  4:05  Marine x2  
  47  4:07  SCV  
  49  4:14  Supply Depot  
  49  4:16  Raven  
  51  4:17  SCV  
  51  4:19  SCV  
  51  4:23  Marine x2  
  55  4:29  SCV  
  57  4:31  SCV  
  57  4:34  Siege Tank  
  57  4:37  Supply Depot  
  60  4:41  Marine x2, SCV  
  60  4:43  SCV  
  64  4:52  Command Center  
  64  4:53  SCV  
  64  4:56  Supply Depot  
  64  4:58  SCV  
  64  4:59  Marine  
  67  5:02  Raven  
  70  5:07  SCV, Supply Depot  
  70  5:10  SCV  
  70  5:11  Refinery  
  71  5:18  Siege Tank  
  71  5:19  SCV  
  75  5:22  Marine x2  
  75  5:23  SCV  
  75  5:26  Supply Depot  
  78  5:31  SCV  
  78  5:33  Barracks  
  78  5:34  Barracks  
  78  5:35  SCV  
  80  5:41  Supply Depot  
  80  5:44  SCV  
  80  5:47  Supply Depot  
  80  5:49  SCV  
  82  5:54  Marine, Stimpack  
  86  5:57  Viking x2  
  86  6:01  Siege Tank  
  90  6:04  Supply Depot  
  90  6:08  Orbital Command  
  90  6:09  SCV  
  91  6:13  SCV  
  91  6:15  Marine  
  93  6:21  Engineering Bay  
  93  6:24  Engineering Bay  
  93  6:28  Barracks Reactor x2  
  93  6:29  Orbital Command, Viking  
  95  6:33  Viking  
  95  6:36  Marine  
  95  6:39  Siege Tank  
  101  6:40  SCV  
  101  6:42  SCV  
  103  6:50  Terran Infantry Weapons Level 1  
  103  6:52  SCV  
  103  6:54  SCV  
  105  6:56  SCV  
  105  7:00  Marine  
  105  7:01  Barracks  
  106  7:02  Barracks  
  106  7:04  SCV  
  106  7:05  Viking  
  106  7:07  Viking  
  111  7:08  SCV  
  111  7:13  SCV  
  111  7:15  Marine x4  
  114  7:17  Marine  
  114  7:22  SCV  
  87  7:30  SCV  
  87  7:32  SCV  
  87  7:33  Marine x4  
  87  7:35  Marine, Siege Tank  
  87  7:36  SCV  
  91  7:38  Refinery  
  91  7:39  Refinery  
  91  7:42  SCV  
  92  7:44  Medivac x2  
  92  7:46  Terran Infantry Armor Level 1  
  92  7:48  SCV x2  
  92  7:50  Marine  
  92  7:51  Marine x3  
  99  7:53  Marine x2  
  99  7:54  SCV  
  102  7:59  Barracks Reactor  
  102  8:00  SCV x2  
  99  8:05  Factory  
  99  8:06  SCV  
  99  8:08  Marine  
  99  8:09  Marine x2, Armory  
  99  8:12  Marine x2, SCV  
  104  8:13  Marine  
  104  8:18  Siege Tank  
  110  8:20  SCV  
  110  8:26  Marine x2  
  114  8:27  Viking x2  
  114  8:28  Marine  
  114  8:30  Marine, SCV, Supply Depot  
  121  8:34  Command Center  
  121  8:37  Marine  
  121  8:38  Marine x2  
  121  8:39  Barracks Reactor  
  123  8:44  Marine  
  123  8:45  Marine, Liberator  
  123  8:46  Marine  
  123  8:48  Marine  
  126  8:50  Supply Depot  
  126  8:51  Siege Tank  
  130  8:55  Marine x2  
  130  8:56  Marine, Sensor Tower  
  130  8:58  Factory Tech Lab  
  130  9:01  Viking  
  138  9:06  Marine x3, Supply Depot  
  138  9:07  Supply Depot  
  141  9:12  Combat Shield  
  141  9:14  Marine x3  
  141  9:15  Marine  
  145  9:18  Marine  
  145  9:21  Marine  
  145  9:23  Marine, Siege Tank  
  151  9:24  Supply Depot  
  151  9:25  Supply Depot  
  151  9:29  Siege Tank  
  151  9:30  Marine x2  
  153  9:32  Marine  
  153  9:34  Supply Depot  
  153  9:35  Medivac  
  156  9:45  Supply Depot x2  
  156  9:47  Sensor Tower  
  156  9:52  Planetary Fortress  
  156  9:54  Marine x7  
  156  9:56  SCV  
  156  9:57  SCV x2  
  166  10:01  Marine x2  
  166  10:05  Siege Tank  
  168  10:09  SCV  
  168  10:11  Marine x2, Siege Tank  
  168  10:12  Marine  
  166  10:15  Marine  
  166  10:17  SCV  
  168  10:21  Marine x2  
  168  10:22  Marine x3  
  168  10:28  SCV x2  
  174  10:29  Marine  
  174  10:30  SCV  
  174  10:31  Refinery  
  174  10:32  Refinery  
  177  10:36  Marine x3  
  177  10:41  SCV x2  
  180  10:44  Marine x3, Siege Tank  
  180  10:45  Marine  
  187  10:50  SCV  
  187  10:52  Marine  
  187  10:55  Marine x2  
  191  11:00  Marine x2, Siege Tank  
  191  11:02  Marine  
  183  11:04  Marine x3  
  183  11:10  Marine  
  178  11:13  Viking x2  
  178  11:16  Marine  
  146  11:37  Engineering Bay  
Show
View Real Time Build Order
Export as new Build Order

BackupI Terran 

Build Orders: Gas First Reaper Expand 

Get SALT Encoding   

  12  0:00  SCV  
  13  0:13  SCV  
  14  0:20  Supply Depot  
  14  0:25  SCV  
  15  0:28  Refinery  
  15  0:41  SCV  
  16  0:46  Barracks  
  16  0:53  SCV  
  17  1:05  SCV  
  18  1:18  SCV  
  19  1:33  Orbital Command, Reaper  
  20  1:51  Command Center  
  20  1:58  Factory  
  20  2:02  SCV  
  20  2:06  Barracks Reactor  
  21  2:14  SCV, Refinery  
  22  2:23  Supply Depot  
  22  2:26  SCV  
  23  2:44  Starport  
  23  2:45  SCV  
  23  2:50  Hellion  
  23  2:51  Hellion  
  28  2:57  SCV, Barracks Tech Lab  
  29  3:11  SCV  
  29  3:12  Orbital Command  
  29  3:13  Hellion  
  29  3:16  Hellion  
  33  3:24  SCV  
  33  3:26  Refinery  
  34  3:28  Raven  
  36  3:37  SCV x2  
  38  3:45  Marine  
  38  3:46  Marine, Factory Tech Lab  
  40  3:49  SCV x2, Supply Depot  
  42  4:01  SCV  
  42  4:02  SCV  
  44  4:03  Marine x2  
  46  4:11  Raven  
  46  4:13  SCV  
  46  4:14  SCV  
  46  4:17  Supply Depot  
  50  4:19  Siege Tank, Supply Depot  
  53  4:25  SCV  
  53  4:30  SCV  
  54  4:37  SCV  
  54  4:39  Marine  
  54  4:44  SCV  
  54  4:45  Marine  
  57  4:50  SCV, Supply Depot  
  57  4:51  Siege Tank  
  61  4:57  Marine, SCV  
  63  5:00  Raven  
  63  5:02  SCV  
  63  5:03  Marine  
  67  5:12  Command Center, SCV, Refinery  
  67  5:14  SCV  
  67  5:19  Marine  
  67  5:20  Supply Depot  
  67  5:21  Marine  
  70  5:24  SCV  
  70  5:25  Siege Tank  
  70  5:26  SCV  
  73  5:36  SCV  
  76  5:47  Supply Depot  
  76  5:48  SCV x2, Engineering Bay  
  76  5:49  Engineering Bay  
  76  5:50  Viking x2  
  76  5:56  Marine  
  81  6:00  Siege Tank, SCV x2  
  81  6:01  Stimpack  
  86  6:12  SCV  
  86  6:13  SCV  
  86  6:14  Marine  
  89  6:20  Viking x2  
  89  6:24  Orbital Command  
  91  6:34  Barracks  
  91  6:35  Barracks  
  91  6:37  Barracks  
  91  6:38  Barracks  
  91  6:39  Siege Tank  
  94  6:41  SCV x2  
  94  6:44  Marine  
  97  6:50  Terran Infantry Armor Level 1, Terran Infantry Weapons Level 1  
  97  6:51  SCV  
  97  6:53  SCV  
  99  6:56  Viking  
  99  6:58  Viking  
  99  7:01  SCV  
  104  7:02  Marine  
  104  7:03  SCV  
  104  7:07  SCV  
  107  7:13  SCV  
  108  7:15  SCV  
  108  7:19  Siege Tank  
  103  7:24  Marine  
  103  7:25  Barracks Reactor  
  103  7:26  Marine, Barracks Reactor  
  103  7:29  SCV x2, Orbital Command  
  87  7:35  Viking  
  86  7:41  SCV  
  86  7:43  SCV  
  88  7:45  Barracks Reactor x2  
  88  7:50  Viking  
  88  7:51  Marine, Siege Tank  
  91  7:52  Command Center  
  91  7:53  SCV  
  91  7:55  SCV  
  91  8:02  SCV  
  91  8:04  Marine  
  91  8:05  Marine x3, Refinery x2  
  83  8:08  Marine  
  83  8:11  Combat Shield, Armory  
  84  8:22  Marine x3, Sensor Tower  
  84  8:23  Marine x2  
  84  8:25  Marine x2  
  84  8:26  Marine  
  92  8:27  Siege Tank  
  92  8:34  Sensor Tower  
  95  8:35  Marine, Supply Depot x2  
  96  8:44  Marine  
  96  8:45  Marine x3  
  96  8:48  Medivac x2  
  100  8:53  Supply Depot  
  100  8:54  Supply Depot x2  
  102  8:55  Supply Depot  
  102  8:59  Siege Tank  
  102  9:00  Marine  
  102  9:01  Marine x3  
  109  9:08  Missile Turret  
  109  9:09  Missile Turret  
  109  9:10  Missile Turret  
  109  9:14  Marine x5  
  114  9:21  Terran Infantry Weapons Level 2  
  114  9:22  Terran Infantry Armor Level 2  
  114  9:23  Marine  
  115  9:26  Marine  
  115  9:28  Marine  
  115  9:29  Marine  
  118  9:32  Marine, Siege Tank  
  122  9:39  Marine  
  122  9:40  Marine x3  
  122  9:41  Planetary Fortress  
  122  9:43  SCV x2  
  128  9:50  SCV  
  128  9:51  Factory  
  129  9:53  Marine  
  129  9:55  Marine x3, SCV x2  
  135  10:02  Marine x2, Missile Turret  
  135  10:03  Marine  
  138  10:07  Marine  
  138  10:08  Marine  
  138  10:09  Siege Tank  
  138  10:12  Marine  
  140  10:15  Marine  
  140  10:21  Marine x2, Medivac x2  
  139  10:25  SCV x2  
  139  10:27  Marine x2  
  145  10:32  Sensor Tower  
  145  10:35  Factory Tech Lab, Refinery  
  145  10:36  Refinery  
  145  10:37  Sensor Tower  
  145  10:43  Siege Tank  
  145  10:46  Marine  
  145  10:48  Marine x5  
  153  10:51  Medivac x2  
  157  11:01  Marine x3  
  157  11:02  Siege Tank  
  157  11:03  Marine  
  128  11:05  Marine  
  128  11:06  Marine x3  
  117  11:12  Marine  
  106  11:19  Marine x3  
  106  11:21  Marine  
  103  11:26  Marine x2  
  103  11:27  Marine  
Tags
 
Add a new tag
Caveats
  • Supply blocks, unpowered buildings, or Contaminate may cause inaccurate times.
  • Supply counts are checked every 10 seconds.